 Dungeon Crawl Stone Soup version 0.30.1 (webtiles) character file.

Game seed: 2825875145102585622

222 Sabo the Chopper (level 5, -3/40 HPs)
             Began as a Demonspawn Gladiator on July 12, 2023.
             Was an Initiate of Ashenzari.
             Slain by an iguana (7 damage)
             ... on level 4 of the Dungeon on July 13, 2023.
             The game lasted 00:15:39 (3241 turns).

Sabo the Chopper (Demonspawn Gladiator)             Turns: 3241, Time: 00:15:39

Health: -3/40      AC: 10    Str: 16    XL:     5   Next: 66%
Magic:  14/14      EV:  8    Int: 10    God:    Ashenzari [......]
Gold:   1106       SH:  0    Dex: 14    Spells: 4/4 levels left

rFire   . . .        a - +0 war axe
rCold   . . .        (no shield)
rNeg    . . .        u - +0 chain mail
rPois   .            c - +0 helmet
rElec   .            (no cloak)
rCorr   +            (no gloves)
SInv    .            (no boots)
Will    .....        (no amulet) Stlth
                     h - ring of resist corrosion
HPRegen 0.26/turn    j - ring of magical power
MPRegen 0.14/turn

%: no passive effects
@: no status effects
A: sharp scales 1, demonic touch 2
a: Renounce Religion, Curse Item


You were on level 4 of the Dungeon.
You worshipped Ashenzari.
Ashenzari was noncommittal.
You visited 1 branch of the dungeon, and saw 4 of its levels.

You collected 1106 gold pieces.

Inventory:

Hand Weapons
 a - a +0 war axe (weapon)
Missiles
 d - 3 throwing nets (quivered)
 e - a javelin
 f - 11 poisoned darts
Armour
 c - a +0 helmet (worn)
 u - a +0 chain mail (worn)
Jewellery
 h - a ring of resist corrosion (left hand)
 j - a ring of magical power (right hand)
Scrolls
 g - a scroll of vulnerability {unknown}
 k - a scroll of magic mapping
 m - a scroll of blinking
 t - a scroll of noise {unknown}
Potions
 b - a potion of flight {unknown}
 i - a potion of heal wounds {unknown}
 n - a potion of might {unknown}
 p - a potion of mutation {unknown}
 q - 2 potions of ambrosia {unknown}
 r - 2 potions of lignification {unknown}
 s - 2 potions of curing {unknown}


   Skills:
 + Level 2.9 Fighting
 + Level 4.2 Axes
 + Level 2.0 Throwing
 + Level 2.0 Armour
 + Level 3.3 Dodging
 + Level 0.7 Stealth


You had 4 spell levels left.
You didn't know any spells.
Your spell library contained the following spells:

 Spells                   Type           Power      Damage    Failure   Level
 Frozen Ramparts          Ice            0%         1d1       100%        3
 Ice Form                 Ice/Tmut       0%         N/A       100%        4
 Summon Ice Beast         Ice/Summ       0%         N/A       100%        4


Dungeon Overview and Level Annotations

Branches:
Dungeon (4/15)
 Temple: D:4-7

Altars:
Ashenzari


Innate Abilities, Weirdness & Mutations

You are partially covered in razor-sharp scales. (AC +1, Slay +1)
Your touch may inflict irresistible damage on your foes.


Message History

You kill the quokka!
Something hits you.
* * * LOW HITPOINT WARNING * * *
The iguana bites you.
* * * LOW HITPOINT WARNING * * *
Something hits you.
* * * LOW HITPOINT WARNING * * *
The iguana bites you.
* * * LOW HITPOINT WARNING * * *
You closely miss something. You completely miss the iguana.
A goblin comes into view. It is wielding a +0 dagger.
You hear some strange, mumbled words.
A magic dart appears from out of thin air!
The magic dart hits you but does no damage.
The iguana completely misses you.
You miss something. You completely miss the iguana.
The goblin shouts!
An orc wizard appears from thin air!
Reactivating autopickup.
The orc wizard hits you but does no damage.
The iguana closely misses you.
You hit the orc wizard but do no damage.
The orc wizard is lightly wounded.
You hit the iguana. The orc wizard barely misses you.
The iguana bites you but does no damage.
You slash the orc wizard!
The orc wizard is severely wounded.
You hit the iguana.
The orc wizard hits you but does no damage.
The iguana bites you but does no damage.
The orc wizard closely misses you. The iguana barely misses you.
You closely miss the orc wizard. Your touch misses the orc wizard.
The orc wizard is severely wounded.
You hit the iguana but do no damage.
The orc wizard hits you but does no damage.
The iguana bites you but does no damage.
You barely miss the orc wizard.
You touch the orc wizard.
You kill the orc wizard!
You hit the iguana but do no damage. The iguana bites you!
You die...

#######..†......##....###
.................).......
#######†.......#########.
.. .....##.....# ##...
..########.....#####...)
#.# ###..............
.......g.......#
.........####..####
..##......@)).....#
#......###l†......#.
#...................#
.......##..........##
.#####.............#
###...........#
.........###.#
............. ...
.....####.#..$ ##


You could see an iguana and a goblin.

Vanquished Creatures
  A howler monkey (D:4)
  An orc priest (D:4)
  Jessica (D:2)
  2 orc wizards (D:4)
  Terence (D:2)
  2 worms
  2 dart slugs
  An orc (D:4)
  5 bats
  7 endoplasms
  2 giant cockroaches
  7 goblins
  5 hobgoblins
  3 jackals (D:2)
  3 kobolds
  3 quokkas
  11 ball pythons
  4 frilled lizards
  6 rats
67 creatures vanquished.

Notes
Turn   | Place    | Note
-------+----------+-------------------------------------------
     0 | D:1      | Sabo the Demonspawn Gladiator began the quest for the Orb.
     0 | D:1      | Reached XP level 1. HP: 16/16 MP: 1/1
   468 | D:1      | Gained mutation: Your touch may inflict minor irresistible
                  | damage on your foes. [demonic ancestry]
   468 | D:1      | Reached XP level 2. HP: 12/22 MP: 2/2
   691 | D:1      | Reached skill level 3 in Axes
  1162 | D:2      | Gained mutation: Your touch may inflict irresistible damage
                  | on your foes. [demonic ancestry]
  1162 | D:2      | Reached XP level 3. HP: 27/27 MP: 3/3
  1291 | D:1      | Identified a scroll of acquirement
  1291 | D:1      | Acquired 930 gold pieces
  1713 | D:2      | Found a broken altar of Ashenzari.
  1774 | D:2      | Became a worshipper of Ashenzari the Shackled
  1909 | D:2      | Noticed Jessica
  1916 | D:2      | Killed Jessica
  1917 | D:2      | Reached skill level 1 in Armour
  1968 | D:2      | Reached XP level 4. HP: 34/34 MP: 4/4
  2029 | D:2      | Noticed Terence
  2039 | D:2      | Killed Terence
  3139 | D:4      | Reached skill level 4 in Axes
  3139 | D:4      | Gained mutation: You are partially covered in razor-sharp
                  | scales. (AC +1, Slay +1) [demonic ancestry]
  3139 | D:4      | Reached XP level 5. HP: 26/39 MP: 5/5
  3235 | D:4      | HP: 2/40 [iguana (4)]
  3241 | D:4      | Slain by an iguana

Illustrated notes

Levels and vault maps discovered:
D:1:      denvon_arrival_planthouse, layout_basic
D:2:      layout_loops_cross, basic_altar, uniq_jessica, uniq_terence
D:3:      layout_loops_cross, zin_statuary
D:4:      layout_rooms, grunt_ashenzari_visionary
          [grunt_ashenzari_visionary_swamp, grunt_ashenzari_visionary_snake]

Skill      XL: |  1  2  3  4  5 |
---------------+----------------+-----
Dodging        | 3 |  3.3
Throwing       | 2 |  2.0
Axes           | 3 4 |  4.2
Armour         | 1 2 |  2.0
Fighting       | |  2.9
Stealth        | |  0.7

Action                     |  1- 3 |  4- 6 || total
---------------------------+-------+-------++-------
  Melee: War axe           |    73 |    86 ||   159
         Touch             |     8 |    14 ||    22
    Use: Scroll            |     4 |     1 ||     5
 Armour: Leather armour    |    19 |       ||    19
         Scale mail        |    18 |    14 ||    32
         Chain mail        |       |    47 ||    47
  Dodge: Dodged            |    47 |    47 ||    94
